 Dungeon Crawl Stone Soup version 0.21-a0-278-ga722497 (webtiles) character file.

338 monkeymaker the Shield-Bearer (level 6, -6/38 HPs)
             Began as a Gargoyle Fighter on Sept 22, 2017.
             Was an Initiate of Gozag.
             Mangled by a two-headed ogre
             ... wielding a +0 giant spiked club
              (11 damage)
             ... on level 3 of the Dungeon.
             The game lasted 00:08:21 (3401 turns).

monkeymaker the Shield-Bearer (Gargoyle Fighter)    Turns: 3401, Time: 00:08:22

Health: -6/38      AC: 11    Str: 26    XL:     6   Next: 55%
Magic:  6/6        EV:  8    Int:  9    God:    Gozag
Gold:   426        SH: 10    Dex:  9    Spells: 5/5 levels left

rFire    . . .     SeeInvis .   a - +0 long sword
rCold    . . .     Gourm    .   c - +0 shield
rNeg     + . .     Faith    .   b - +0 scale mail
rPois    ∞         Spirit   .   (no helmet)
rElec    +         Reflect  .   (no cloak)
rCorr    .         Harm     .   (no gloves)
MR       .....                  (no boots)
Stlth    ..........             (no amulet)
HPRegen  0.12/turn              (no ring)
MPRegen  0.10/turn              (no ring)

@: mighty
A: negative energy resistance 1, electricity resistance, unbreathing,
petrification resistance, rot immunity, AC +4
a: Potion Petition, Call Merchant, Bribe Branch, Renounce Religion


You were on level 3 of the Dungeon.
You worshipped Gozag.
Gozag was aware of your devotion.
You were not hungry.

You visited 1 branch of the dungeon, and saw 3 of its levels.
You also visited: Sewer.

You collected 459 gold pieces.
You paid 33 gold pieces to Gozag.

Inventory:

Hand Weapons
 a - a +0 long sword (weapon)
 t - a +2 vampiric dagger
Missiles
 q - 29 stones (quivered)
Armour
 b - a +0 scale mail (worn)
 c - a +0 shield (worn)
Jewellery
 h - a cursed ring of teleportation
Scrolls
 j - a scroll of immolation {unknown}
 k - a scroll of enchant weapon {unknown}
 s - 2 scrolls of magic mapping
 u - a scroll of recharging {unknown}
 w - 3 scrolls of teleportation {unknown}
Potions
 e - a potion of resistance {unknown}
 g - 2 potions of brilliance {unknown}
 i - 2 potions of lignification
 l - 4 potions of curing {unknown}
 m - 3 potions of heal wounds
 r - 4 potions of flight {unknown}
 x - a potion of magic {unknown}
Comestibles
 f - 3 bread rations
 n - a meat ration
 o - a fruit
 v - a royal jelly


   Skills:
 + Level 4.2 Fighting
 * Level 4.1 Long Blades
 + Level 4.5 Armour
 + Level 4.7 Shields


You had 5 spell levels left.
You didn't know any spells.

Dungeon Overview and Level Annotations

Branches:
Dungeon (3/15)

Altars:
Gozag
Nemelex Xobeh
Wu Jian
Yredelemnul


Innate Abilities, Weirdness & Mutations

You are resistant to torment.
Your stone body is resilient. (AC +4)
You are immune to poison.
You resist negative energy. (rN+)
You are resistant to electric shocks. (rElec)
You can survive without breathing.
You are immune to petrification.
You are immune to rotting.


Message History

The two-headed ogre hits you with a giant spiked club.
* * * LOW HITPOINT WARNING * * *
Unknown command.
You feel much better.
You hit the two-headed ogre.
The two-headed ogre is lightly wounded.
The two-headed ogre hits you with a giant spiked club!!
Ouch! That really hurt!
* * * LOW HITPOINT WARNING * * *
You block the two-headed ogre's attack.
Unknown command.
You feel much better. The two-headed ogre closely misses you.
The two-headed ogre hits you with a giant spiked club!!
* * * LOW HITPOINT WARNING * * *
You slash the two-headed ogre!
The two-headed ogre is moderately wounded.
You block the two-headed ogre's attack.
The two-headed ogre hits you with a giant spiked club!
You die...
Your body crumbles into a pile of gold.

#'### #.######.#.# #.#
#.#.....<#.###### #.#
#.#.####.#.#....# #.#
#.#......#.#....# #.#
#.########.#....# #.#
#..........#....#
#.#####.########.#....#
#.##...###########....#
...'[...........@O....#
..##...###...#####....#
..###### #...# #.####
.>.# ##### #.#########
...# #.##......# ...#
#.##.####.# ...#
#.##.##.#.###### ####
#.##............ #
##.#######.######


You could see a two-headed ogre.

Vanquished Creatures
  2 big kobolds (Sewer)
  4 gnolls (D:3)
  5 adders
  A river rat (Sewer)
  An ooze (Sewer)
  A worm (D:2)
  A dart slug (D:1)
  5 leopard geckos
  An orc (D:3)
  9 giant cockroaches
  7 goblins
  11 hobgoblins
  7 jackals (D:2)
  9 kobolds
  3 quokkas
  A ball python (D:1)
  6 bats
  6 frilled lizards
  11 rats
91 creatures vanquished.

Notes
Turn   | Place    | Note
-------+----------+-------------------------------------------
     0 | D:1      | monkeymaker the Gargoyle Fighter began the quest for the Orb.
     0 | D:1      | Reached XP level 1. HP: 14/14 MP: 1/1
   246 | D:1      | Reached XP level 2. HP: 16/19 MP: 2/2
   658 | D:1      | Reached XP level 3. HP: 20/23 MP: 3/3
   752 | D:1      | You fall through a shaft!
  1169 | D:2      | Found an opulent altar of Gozag.
  1181 | D:2      | Reached XP level 4. HP: 24/28 MP: 4/4
  1260 | D:2      | Found a basalt altar of Yredelemnul.
  1271 | D:2      | Found an ornate altar of the Wu Jian Council.
  1283 | D:2      | Became a worshipper of Gozag Ym Sagoz the Greedy
  2333 | D:3      | Noticed a two-headed ogre
  2458 | D:3      | Found a sparkling altar of Nemelex Xobeh.
  2548 | D:3      | Found a glowing drain.
  2574 | Sewer    | Entered a sewer
  2586 | Sewer    | Reached XP level 5. HP: 33/33 MP: 5/5
  2739 | Sewer    | Noticed a big kobold
  2768 | Sewer    | Killed a big kobold
  2774 | Sewer    | Reached XP level 6. HP: 37/38 MP: 6/6
  3399 | D:3      | HP: 1/38 [two-headed ogre/giant spiked club (27)]
  3401 | D:3      | Mangled by a two-headed ogre

Vault maps used:
D:1:      minmay_arrival_checkered_box
D:2:      grunt_temple_overflow_open
D:3:      gup_sewer_entry_pipe, first_bread, nemelex_spade_bored_becter
Sewer:    sewer_co_15_rooms

Skill      XL: |  1  2  3  4  5  6 |
---------------+-------------------+-----
Long Blades    | 2 3 4 |  4.1
Shields        | 4 |  4.7
Armour         | 4 |  4.5
Fighting       | 4 |  4.2

Action                   |  1- 3 |  4- 6 || total
-------------------------+-------+-------++-------
Melee: Long sword        |   155 |   229 ||   384
  Use: Scroll            |       |     4 ||     4
       Potion            |       |     3 ||     3
  Eat: Chunk             |     1 |     1 ||     2
       Bread ration      |       |     2 ||     2
       Fruit             |       |     1 ||     1
Armor: Scale mail        |   108 |   112 ||   220
Dodge: Dodged            |    51 |    69 ||   120
Block: Shield            |    96 |   118 ||   214
       Rpst.: Long sword |    17 |    14 ||    31

Table legend:
 A = Spawn XP
 B = Non-spawn XP
 C = Spawn XP percentage of total XP
 D = Spawn monster count
 E = Non-spawn monster count
 F = Spawn count percentage of total count
 G = Total turns spent on level
                    A         B        C        D         E        F      G
               +---------+---------+-------+---------+---------+-------+---------
         Total |       0 |     484 |   0.0 |       0 |      91 |   0.0 |  3401
               +---------+---------+-------+---------+---------+-------+---------
           D:1 |       0 |      36 |   0.0 |       0 |      20 |   0.0 |   752
           D:2 |       0 |      94 |   0.0 |       0 |      32 |   0.0 |  1333
           D:3 |       0 |      96 |   0.0 |       0 |      25 |   0.0 |   852
         Sewer |       0 |     258 |   0.0 |       0 |      14 |   0.0 |   464
               +---------+---------+-------+---------+---------+-------+---------
